 Dungeon Crawl Stone Soup version 0.28-b1-1-g3c77fb2ed1 (webtiles) character file.

Game seed: 13874424960412891145

44 McKennaii the Conjurer (level 3, -4/26 HPs)
             Began as a Demigod Conjurer on Jan 29, 2022.
             Killed from afar by Sigmund (9 damage)
             ... with a magic dart
             ... on level 2 of the Dungeon.
             The game lasted 00:01:27 (1984 turns).

McKennaii the Conjurer (Demigod Conjurer)           Turns: 1984, Time: 00:01:27

Health: -4/26      AC:  2    Str:  8    XL:     3   Next: 23%
Magic:  9/9        EV: 12    Int: 24    God:
Gold:   58         SH:  0    Dex: 12    Spells: 3/6 levels left

rFire   . . .      SeeInvis .   (no weapon)
rCold   . . .      Faith    .   (no shield)
rNeg    . . .      Spirit   .   a - +0 robe
rPois   .          Reflect  .   (no helmet)
rElec   .          Harm     .   (no cloak)
rCorr   .          Rampage  .   (no gloves)
Will    .....                   (no boots)
Stlth   ++........              (no amulet)
HPRegen 0.08/turn               (no ring)
MPRegen 0.11/turn               (no ring)

@: no status effects
A: high mp 1, forlorn, divine attributes
a: no special abilities


You were on level 2 of the Dungeon.
You visited 1 branch of the dungeon, and saw 2 of its levels.

You collected 58 gold pieces.

Inventory:

Armour
 a - a +0 robe (worn)
Wands
 i - a wand of flame (6)
Scrolls
 b - 2 scrolls of blinking {unknown}
 c - a scroll of summoning {unknown}
 e - a scroll of fear {unknown}
 g - a scroll of holy word {unknown}
 h - a scroll of immolation {unknown}
 j - a scroll of magic mapping {unknown}
Potions
 d - a potion of flight {unknown}
 f - a potion of cancellation {unknown}


   Skills:
 - Level 1.7 Dodging
 - Level 1.7 Stealth
 + Level 2.3 Spellcasting
 * Level 4.4 Conjurations


You had 3 spell levels left.
You knew the following spells:

 Your Spells              Type           Power      Damage    Failure   Level
a - Magic Dart            Conj           96%        1d7       1%          1
b - Searing Ray           Conj           48%        2d6       2%          2

Your spell library contained the following spells:

 Spells                   Type           Power      Damage    Failure   Level
 Dazzling Flash           Conj/Hex       26%        N/A       14%         3
 Fulminant Prism          Conj/Hex       6%         3d7       43%         4
 Iskenderun's Mystic Bla  Conj/Tloc      13%        2d5       43%         4


Dungeon Overview and Level Annotations

Branches:
Dungeon (2/15)

Shops:
D:1 (

Annotations:
D:2 Sigmund


Innate Abilities, Weirdness & Mutations

You have an increased reservoir of magic. (+10% MP)
You shall have no god before yourself.
Your divine heritage dramatically boosts your attributes as you level up.


Message History

The magic dart hits the giant cockroach but does no damage.
The giant cockroach is severely wounded.
A giant cockroach is nearby!
The magic dart hits the giant cockroach.
You kill the giant cockroach!
A ball python comes into view.
The magic dart hits the ball python!
You kill the ball python!
b - 2 scrolls labelled ZAFA YVIUFF (gained 1)
A quokka comes into view.
The magic dart hits the quokka.
You kill the quokka!
You see here a +0 kite shield.
Found an escape hatch in the ceiling.
Sigmund the Dreaded comes into view.
He is wielding a +0 scythe.
Sigmund shouts!
The magic dart hits Sigmund.
Sigmund is lightly wounded.
Sigmund is nearby!
The magic dart hits Sigmund.
Sigmund is lightly wounded.
Sigmund casts a spell at you. The puff of flame hits you!
Sigmund is nearby!
Sigmund breathes a few words.
Sigmund's hands start flickering wildly.
Sigmund casts a spell.
Sigmund flickers and vanishes!
Deactivating autopickup; reactivate with Ctrl-A.
You are confused.
A magic dart appears from out of thin air!
The magic dart hits you.
You bump into the rock wall.
You feel less confused.
A magic dart appears from out of thin air!
The magic dart hits you.
* * * LOW HITPOINT WARNING * * *
A magic dart appears from out of thin air!
The magic dart hits you!
You die...

..............#...##
.............(#....# ...
.................#..#...
...........÷....###...#
...............## #...###.
...............# ##.......
..........÷....###...<....
............#.###......#
...##....###....@......#
...#.........#.)....####
...#.#..........###.#
.#.....#####...##...#
................#.####
.........{..###[.....#
....#..#....####.###.#
########
..)............#.#
#####.......
..).##......##.#.##
.........<.


There were no monsters in sight!

Vanquished Creatures
  A worm (D:2)
  4 ball pythons
  2 bats (D:1)
  4 endoplasms (D:1)
  3 giant cockroaches
  3 goblins
  8 hobgoblins
  4 quokkas
  A frilled lizard (D:2)
  3 kobolds
33 creatures vanquished.

Notes
Turn   | Place    | Note
-------+----------+-------------------------------------------
     0 | D:1      | McKennaii the Demigod Conjurer began the quest for the Orb.
     0 | D:1      | Reached XP level 1. HP: 14/14 MP: 5/5
   331 | D:1      | Found Naf Jane's Weapon Emporium.
   543 | D:1      | Reached skill level 4 in Conjurations
   543 | D:1      | Reached XP level 2. HP: 20/20 MP: 4/7
   546 | D:1      | Learned a level 2 spell: Searing Ray
  1589 | D:2      | Reached XP level 3. HP: 26/26 MP: 7/9
  1951 | D:2      | Noticed Sigmund
  1984 | D:2      | Killed from afar by Sigmund

Illustrated notes

Levels and vault maps discovered:
D:1:      minmay_arrival_pointy, layout_loops_ring, serial_shops,
          nicolae_shop_hallway_plus
D:2:      layout_rooms, minmay_misc_feat_cross, uniq_sigmund

Skill      XL: |  1 |
---------------+----+-----
Spellcasting   | 2 |  2.3
Conjurations   | 4 |  4.4
Dodging        | |  1.7
Stealth        | |  1.7

Action                   || total
-------------------------++-------
Melee: Unarmed           ||     1
 Cast: Magic Dart        ||    76
Armor: Robe              ||     2
Dodge: Dodged            ||     7
